 Dungeon Crawl Stone Soup version 0.20-a0-1101-g1de9d76 (webtiles) character file.

351096 Scytalen the Spry (level 21, -22/129 HPs)
             Began as a Deep Elf Conjurer on May 1, 2017.
             Was the Champion of Lugonu.
             Annihilated by a spark wasp (27 damage)
             ... on level 1 of the Depths on May 4, 2017.
             The game lasted 05:16:45 (64216 turns).

Scytalen the Spry (Deep Elf Conjurer)              Turns: 64216, Time: 05:16:45

Health: -22/129    AC: 14    Str: 19    XL:     21   Next: 28%
Magic:  23/53      EV: 30    Int: 41    God:    Lugonu [******]
Gold:   2144       SH:  0    Dex: 21    Spells: 15/54 levels left

rFire    + + .     SeeInvis .   a - +5 lajatang (slice)
rCold    + + +     Gourm    .   (shield currently unavailable)
rNeg     . . .     Faith    .   F - +4 robe of Augmentation {Str+4 Int+4 Dex+4}
rPois    .         Spirit   .   X - +2 hat {MR+}
rElec    .         Reflect  .   R - scarf "Yvexuw" {rC+ Int+4}
rCorr    .         Harm     .   G - +0 pair of gloves of Anaesthesia {MR+ MP+9 Int+2}
MR       +++++                  s - +1 pair of boots of the Furies {rF- Str+6 Dex+2}
Stlth    +++++.....             r - amulet "Weititia" {RegenMP Str+7}
Regen    0.4/turn               H - +3 ring of protection
MPRegen  0.5/turn               U - ring of Arrival {rF+++ rC++ MR+ Str-3 Stlth+}

@: deflect missiles
A: no striking features
}: 2/15 runes: serpentine, barnacled
a: Depart the Abyss, Bend Space, Banish, Corrupt, Enter the Abyss, Brand Weapon
With Distortion, Renounce Religion


You were on level 1 of the Depths.
You worshipped Lugonu.
Lugonu was exalted by your worship.
You were not hungry.

You visited 7 branches of the dungeon, and saw 37 of its levels.
You also visited: Labyrinth and Ice Cave.

You collected 4753 gold pieces.
You spent 2609 gold pieces at shops.

Inventory:

Hand Weapons
 a - a +5 lajatang of slicing (weapon)
Armour
 s - the +1 pair of boots of the Furies (worn) {rF- Str+6 Dex+2}
   (You found it on level 2 of the Lair of Beasts)

   It affects your strength (+6).
   It affects your dexterity (+2).
   It makes you vulnerable to fire.
 F - the +4 robe of Augmentation (worn) {Str+4 Int+4 Dex+4}
   (You bought it in a shop on level 2 of the Vaults)

   It affects your strength (+4).
   It affects your intelligence (+4).
   It affects your dexterity (+4).
 G - the +0 pair of gloves of Anaesthesia (worn) {MR+ MP+9 Int+2}
   (You found it on level 6 of the Dungeon)

   It affects your intelligence (+2).
   It affects your resistance to hostile enchantments.
   It affects your magic capacity (+9).
 M - a +2 robe of the Archmagi
 R - the scarf "Yvexuw" (worn) {rC+ Int+4}
   (You found it on level 6 of the Lair of Beasts)

   It affects your intelligence (+4).
   It protects you from cold.
 X - a +2 hat of magic resistance (worn)
Magical Staves
 b - an uncursed staff of power
Jewellery
 r - the amulet "Weititia" (around neck) {RegenMP Str+7}
   (You acquired it on level 2 of the Snake Pit)

   [amulet of magic regeneration]

   It increases your magic regeneration.
   It affects your strength (+7).
 H - a +3 ring of protection (left hand)
 Q - the amulet "Towkikhle" {Spirit MR+ MP+9 Int+4}
   (You took it off a purple draconian on level 1 of the Vaults)

   [amulet of guardian spirit]

   It causes incoming damage to be split between your health and magic.
   It affects your intelligence (+4).
   It affects your resistance to hostile enchantments.
   It affects your magic capacity (+9).
 U - the ring of Arrival (right hand) {rF+++ rC++ MR+ Str-3 Stlth+}
   (You took it off a minotaur in a labyrinth)

   [ring of protection from magic]

   It affects your strength (-3).
   It renders you almost immune to fire.
   It greatly protects you from cold.
   It affects your resistance to hostile enchantments.
   It makes you more stealthy.
 Y - an uncursed ring of poison resistance
Wands
 e - a wand of acid (1/15)
 f - a wand of scattershot (2/9)
 v - a wand of disintegration (2/24)
 y - a wand of iceblast (9/15)
 E - a wand of digging (6/24)
 Z - a wand of disintegration (13/24)
Scrolls
 d - 15 scrolls of teleportation
 h - a scroll of recharging
 k - 4 scrolls of amnesia
 o - 13 scrolls of remove curse
 q - 6 scrolls of fear
 t - 7 scrolls of fog
 w - 11 scrolls of magic mapping
 z - 7 scrolls of blinking
 D - a scroll of enchant armour
 L - 3 scrolls of identify
 O - a scroll of summoning
Potions
 g - 12 potions of curing
 i - 5 potions of cancellation
 l - 4 potions of invisibility
 u - 7 potions of flight
 B - 5 potions of agility
 I - a potion of might
 K - 4 potions of brilliance
 N - 2 potions of magic
 P - 3 potions of resistance
 S - 5 potions of haste
 T - 3 potions of heal wounds
Books
 m - a book of Alchemy

   Spells                             Type                      Level
   a - Sublimation of Blood           Necromancy                   2
   b - Ignite Poison                  Fire/Transmutation/Poison    3
   c - Petrify                        Transmutation/Earth          4
   d - Alistair's Intoxication        Transmutation/Poison         5
   e - Irradiate                      Conjuration/Transmutation    5
 x - a book of Flames

   Spells                             Type                      Level
   a - Flame Tongue                   Conjuration/Fire             1
   b - Throw Flame                    Conjuration/Fire             2
   c - Conjure Flame                  Conjuration/Fire             3
   d - Inner Flame                    Hexes/Fire                   3
   e - Sticky Flame                   Conjuration/Fire             4
   f - Fireball                       Conjuration/Fire             5
 A - a book of Air

   Spells                             Type                      Level
   a - Shock                          Conjuration/Air              1
   b - Swiftness                      Charms/Air                   2
   c - Static Discharge               Conjuration/Air              3
   d - Airstrike                      Air                          4
   e - Lightning Bolt                 Conjuration/Air              5
Miscellaneous
 C - a phial of floods
 J - 2 sacks of spiders
 W - 2 boxes of beasts
Comestibles
 c - 17 bread rations
 j - 34 fruits
 n - 8 chunks of flesh
 p - 6 meat rations
 V - 10 royal jellies


   Skills:
 - Level 13.0 Fighting
 - Level 14.9 Staves
 - Level 19.0 Dodging
 - Level 7.2 Stealth
 - Level 17.3 Spellcasting
 - Level 18.4 Conjurations
 - Level 10.0 Hexes
 - Level 8.0 Charms
 - Level 6.8 Necromancy
 - Level 4.0 Translocations
 - Level 4.0 Transmutations
 - Level 6.4 Air Magic
 + Level 13.3 Invocations


You had 15 spell levels left.
You knew the following spells:

 Your Spells              Type           Power        Failure   Level  Hunger
a - Magic Dart            Conj           ####         0%          1    None
b - Searing Ray           Conj           ######       0%          2    None
c - Dazzling Spray        Conj/Hex       ######       0%          3    None
d - Fulminant Prism       Conj/Hex       ########..   1%          4    None
e - Force Lance           Conj/Tloc      #######.     1%          4    None
f - Yara's Violent Unrav  Hex/Tmut       #######...   1%          5    None
g - Control Undead        Necr           #######...   1%          4    None
h - Regeneration          Chrm/Necr      #######...   1%          3    None
i - Deflect Missiles      Chrm/Air       #######...   6%          6    None
j - Orb of Destruction    Conj           ########..   1%          7    None


Dungeon Overview and Level Annotations

Branches:
Dungeon (15/15)            Temple (0/1) D:6            Lair (6/6) D:8
 Shoals (4/4) Lair:4        Snake (4/4) Lair:2        Slime (0/5) Lair:5
    Orc (2/2) D:12            Elf (0/3) Orc:2        Vaults (5/5) D:14
  Crypt (0/3) Vaults:3     Depths (1/5) D:15

Altars:
Ashenzari
Dithmenos
Fedhas
Gozag
Hepliaklqana
Kikubaaqudgha
Makhleb
Okawaru
Sif Muna
Uskayaw
Vehumet
Xom
The Shining One
Beogh
Jiyva
Lugonu

Shops:
D:4 !   D:5 [![(   D:9 (   D:13 *   D:15 %   Orc:2 *([}   Shoals:1 }
Shoals:2 *   Snake:4 !}:(   Vaults:1 (   Vaults:2 [   Vaults:3 ?

Portals:
Hell: Lair:6 Depths:1
Trove: D:11 (give 9 potions of haste)

Annotations:
Depths:1 Saint Roka


Message History

Press: ? - help, Shift-Dir - straight line, f - spark wasp
Aim: a spark wasp (heavily wounded)
The wavering orb of destruction weakly hits the spark wasp.
The spark wasp is almost dead.
The spark wasp closely misses you. The spark wasp completely misses you.
You now have 30/53 mp.
Casting: Orb of Destruction
Confirm with . or Enter, or press ? or * to list all spells.
Aiming: Orb of Destruction
Press: ? - help, Shift-Dir - straight line, f/p - spark wasp
Aim: a spark wasp (almost dead)
The wavering orb of destruction weakly hits the spark wasp.
You blow up the spark wasp!
Lugonu accepts your kill. The spark wasp stings you!
* * * LOW HITPOINT WARNING * * *
The spark wasp shocks you!
* * * LOW HITPOINT WARNING * * *
The spark wasp stings you!!
You die...

#....[ .... ##.(# ...#
()..# #..# .)(.# .#
#..# ###.# #.# #..# #.#
#.# #..###### ###)# #.#
#...$...#
...)#####.#####..y....#
.))..)).......†.@.....#
....)...........#####.#
###.####........# # #†#
#........# #.#
#........# #.#
#........# #†#
#........# ###.#
#........# # ....#
#........#####.#


You could see a spark wasp.

Vanquished Creatures
  Sojobo (Vaults:3)
  Bai Suzhen (Vaults:3)
  A lich (Depths:1)
  2 krakens
  Frances (D:12)
  A sphinx (Vaults:1)
  Agnes (Snake:4)
  A shadow dragon (Vaults:1)
  8 nagarajas
  The ghost of braks the Lord of Darkness, an adept DrNe of Kikubaaqudgha (Shoals:4)
  Ilsuiw (Shoals:4)
  4 tengu reavers
  2 fire giants
  Donald (Shoals:3)
  A deep elf sorcerer (Vaults:1)
  Aizul (Lair:4)
  Louise (Shoals:3)
  11 vault wardens
  A ghoul (Vaults:3)
  A very ugly thing (Vaults:1)
  11 stone giants
  5 ironheart preservers
  A deep elf demonologist (Vaults:1)
  3 entropy weavers
  Nessos (D:12)
  2 vampire knights
  A purple draconian (Vaults:1)
  3 spark wasps (Depths:1)
  7 merfolk javelineers
  5 ettins
  A minotaur (Lab)
  The ghost of gabygaby the Geomancer, a journeyman GrEE of Sif Muna (IceCv)
  Josephine (D:12)
  3 crystal guardians
  12 yaktaur captains
  9 merfolk impalers
  2 rakshasas (Vaults:2)
  2 fire dragons
  18 naga warriors
  5 ice dragons
  11 hydras
  19 vault guards
  4 catoblepae
  7 centaur warriors
  4 merfolk avatars
  6 merfolk aquamancers
  9 anacondas
  A death knight (Vaults:4)
  A dancing weapon (D:14)
  43 two-headed ogres
  14 ogre magi
  2 satyrs
  8 naga sharpshooters
  4 death yaks (Lair:3)
  3 tengu warriors
  3 orc high priests (Orc:2)
  6 deep elf knights
  A shadow wraith (Vaults:2)
  5 shock serpents
  A hell knight (D:15)
  A sixfirhy (Lair:6)
  3 salamander mystics
  3 unseen horrors
  17 sea snakes
  A glowing orange brain (Vaults:4)
  2 deep elf archers
  18 ironbrand convokers
  A lindwurm (shapeshifter) (Vaults:3)
  Pikel (D:8)
  5 naga ritualists
  2 phantasmal warriors (Vaults:4)
  A lindwurm (Lair:6)
  4 necromancers
  23 harpies
  2 wizards
  11 orc knights
  3 wolf spider zombies
  7 wolf spiders
  An orb spider (shapeshifter) (Vaults:1)
  9 mana vipers
  6 deep elf magi
  5 orc sorcerers
  8 salamanders
  An oklob plant (Lair:6)
  17 ugly things
  13 manticores
  6 fauns
  8 elephants
  4 guardian serpents
  5 cyclopes
  3 ice statues (IceCv)
  A guardian serpent (shapeshifter) (Vaults:3)
  14 naga magi
  36 black mambas
  6 water nymphs
  2 black mambas (shapeshifter)
  8 merfolk sirens
  2 rust devils (D:7)
  2 orange demons (Lair:6)
  A yaktaur zombie (Vaults:2)
  18 vault sentinels
  5 rime drakes
  A gargoyle (D:15)
  20 spiny frogs
  3 spiny frogs (shapeshifter)
  An efreet (D:14)
  The ghost of Wiebster667 the Cutter, a novice OpEE of Makhleb (D:5)
  7 freezing wraiths
  12 komodo dragons
  2 kobold demonologists
  39 yaktaurs
  A hellwing (Lair:6)
  8 ice devils
  A troll (shapeshifter) (Vaults:4)
  A tengu conjurer (Depths:1)
  A red devil (Lair:6)
  A yaktaur skeleton (Vaults:2)
  A guardian mummy (D:11)
  7 trolls
  5 wind drakes
  2 wind drakes (shapeshifter) (Vaults:4)
  5 polar bears
  A queen bee (Lair:2)
  23 merfolk
  A wolf spider simulacrum (D:15)
  A tengu simulacrum (Vaults:1)
  27 slime creatures
  6 dream sheep (Lair:6)
  Grinder (D:6)
  A raiju (shapeshifter) (Vaults:2)
  2 hornets
  14 blink frogs
  23 hippogriffs
  15 snapping turtles
  2 harpy skeletons (D:15)
  A meliai zombie (D:13)
  A frost giant simulacrum (Vaults:1)
  A redback (Vaults:4)
  4 shadows
  7 water elementals
  A tarantella (Vaults:4)
  50 yaks
  7 wraiths
  3 wyverns
  A yak (shapeshifter) (Vaults:2)
  3 hungry ghosts
  Eustachio (D:6)
  2 basilisks
  50 nagas
  The ghost of Protee the Chiller, an amateur MfIE (D:4)
  5 wargs
  A soldier ant (D:15)
  A harpy simulacrum (D:11)
  13 water moccasins
  An acid dragon (Vaults:2)
  8 porcupines
  5 hell hounds (Lair:6)
  26 orc warriors
  12 ice beasts
  3 slaves (D:8)
  An eye of draining (D:11)
  3 sky beasts
  4 black bears
  31 ogres
  4 phantoms
  16 wolves
  5 boggarts
  4 necrophages
  16 crocodiles
  15 centaurs
  3 big kobolds
  2 gnoll sergeants
  14 bullfrogs
  3 scorpions
  2 wyvern skeletons
  37 killer bees
  2 human simulacra
  12 wights
  5 howler monkeys
  6 electric eels
  A bullfrog zombie (D:12)
  4 crimson imps
  3 quasits
  2 draconian simulacra (IceCv)
  A yaktaur simulacrum (Vaults:1)
  14 orc priests
  15 hounds
  3 bullfrog skeletons
  A centaur zombie (D:11)
  8 jellies
  22 orc wizards
  7 centaur skeletons
  6 iguanas
  9 worker ants
  7 hell rats (Lair:5)
  4 centaur simulacra
  A hound skeleton (D:4)
  A worker ant zombie (D:11)
  Robin (D:2)
  9 adders
  16 gnolls
  A howler monkey skeleton (D:9)
  An adder (shapeshifter) (D:14)
  3 ogre simulacra (IceCv)
  2 naga simulacra (IceCv)
  2 shadow imps
  4 white imps (D:8)
  A worker ant simulacrum (D:8)
  6 oozes
  An ufetubus (D:8)
  2 adder zombies
  4 adder skeletons
  3 worms
  2 adder simulacra (D:8)
  A dart slug (D:1)
  2 leopard geckos
  86 orcs
  6 giant cockroaches
  15 goblins
  8 hobgoblins
  12 jackals
  20 kobolds
  5 quokkas
  3 ball pythons
  11 bats
  3 frilled lizards
  A jackal skeleton (D:4)
  3 quokka skeletons
  6 rats
  8 fungi
  4 plants
  3 tentacles
1566 creatures vanquished.

Vanquished Creatures (collateral kills)
  A killer bee (Lair:2)
1 creature vanquished.

Vanquished Creatures (others)
  A centaur warrior (D:12)
  An unseen horror (D:11)
  5 dream sheep (D:7)
  A human (D:4)
  2 wights (D:6)
  A ball lightning (Vaults:1)
  443 fulminant prisms
  20 fungi
  24 plants
  12 tentacles
510 creatures vanquished.

Grand Total: 2077 creatures vanquished

Notes
Turn   | Place    | Note
-------+----------+-------------------------------------------
     0 | D:1      | Scytalen the Deep Elf Conjurer began the quest for the Orb.
     0 | D:1      | Reached XP level 1. HP: 10/10 MP: 6/6
   140 | D:2      | Found a faded altar of an unknown god.
   146 | D:2      | Became a worshipper of Lugonu the Unformed
   146 | D:2      | Reached * piety under Lugonu
   146 | D:2      | Reached ** piety under Lugonu
   582 | D:1      | Reached XP level 2. HP: 15/15 MP: 5/8
   588 | D:1      | Learned a level 2 spell: Searing Ray
   804 | D:2      | Reached skill level 5 in Conjurations
   851 | D:2      | Found a deep blue altar of Sif Muna.
  1166 | D:2      | Noticed Robin
  1167 | D:2      | Reached XP level 3. HP: 19/19 MP: 7/9
  1172 | D:2      | Learned a level 3 spell: Dazzling Spray
  1378 | D:2      | Reached skill level 1 in Hexes
  1470 | D:2      | Killed Robin
  1470 | D:2      | Reached *** piety under Lugonu
  1541 | D:2      | Found a glowing golden altar of the Shining One.
  1742 | D:2      | Found an opulent altar of Gozag.
  1761 | D:3      | Reached XP level 4. HP: 22/24 MP: 2/10
  2004 | D:3      | Found a radiant altar of Vehumet.
  2606 | D:3      | Reached XP level 5. HP: 28/28 MP: 3/12
  2772 | D:3      | Learned a level 4 spell: Fulminant Prism
  2913 | D:4      | Found an iron altar of Okawaru.
  2933 | D:4      | Noticed Protee's ghost (amateur MfIE)
  2972 | D:4      | Killed Protee's ghost
  2972 | D:4      | Reached skill level 3 in Dodging
  2972 | D:4      | Reached XP level 6. HP: 32/32 MP: 0/13
  3140 | D:4      | Reached **** piety under Lugonu
  3177 | D:4      | Reached skill level 5 in Hexes
  3373 | D:4      | Reached skill level 4 in Dodging
  3475 | D:4      | Found Ibbalano's Distillery.
  3482 | D:4      | Bought a potion of lignification for 36 gold pieces
  3482 | D:4      | Bought a potion of degeneration for 12 gold pieces
  3482 | D:4      | Bought a potion of ambrosia for 96 gold pieces
  3798 | D:4      | Found an ancient bone altar of Kikubaaqudgha.
  3798 | D:4      | Noticed a human
  3803 | D:4      | Killed a human
  4083 | D:5      | Entered Level 5 of the Dungeon
  4169 | D:5      | Found Heoppeam's Antique Weapon Shoppe.
  4183 | D:5      | Found Qayta's Antique Armour Emporium.
  4326 | D:5      | Reached skill level 1 in Fighting
  4447 | D:5      | Noticed Wiebster667's ghost (novice OpEE)
  4558 | D:5      | Found an iron altar of Okawaru.
  4621 | D:5      | Found a glowing golden altar of the Shining One.
  4648 | D:5      | Noticed a sky beast
  4655 | D:5      | Killed a sky beast
  4655 | D:5      | Reached skill level 5 in Dodging
  4655 | D:5      | Reached XP level 7. HP: 39/39 MP: 3/14
  5009 | D:5      | Found Quudgh's Antique Armour Boutique.
  5012 | D:5      | Found Esishresu's Distillery.
  5279 | D:6      | Noticed Eustachio
  5292 | D:6      | Killed Eustachio
  5292 | D:6      | Reached skill level 6 in Dodging
  5969 | D:5      | Killed Wiebster667's ghost
  5969 | D:5      | Reached skill level 7 in Dodging
  5969 | D:5      | Reached XP level 8. HP: 45/46 MP: 2/15
  6329 | D:6      | Reached skill level 8 in Dodging
  7132 | D:4      | Learned a level 4 spell: Force Lance
  7466 | D:6      | Reached skill level 9 in Dodging
  7749 | D:6      | Reached XP level 9. HP: 50/50 MP: 4/16
  7890 | D:6      | Reached skill level 1 in Invocations
  8126 | D:6      | Noticed Grinder
  8149 | D:6      | Killed Grinder
  8421 | D:6      | Found a blossoming altar of Fedhas.
  8473 | D:6      | Found a staircase to the Ecumenical Temple.
  8660 | D:6      | Found a hide-covered altar of Uskayaw.
  8672 | D:6      | Got a pair of translucent gloves
  8678 | D:6      | Identified the cursed +0 pair of gloves of Anaesthesia {MR+ MP+9 Int+2} (You found it on level 6 of the Dungeon)
  9073 | D:7      | Found a shimmering altar of Xom.
  9563 | D:7      | Got an encrusted cloak
  9569 | D:7      | Identified the +0 cloak of Trial and Error {rCorr MP-9 Int+3} (You found it on level 7 of the Dungeon)
  9659 | D:7      | Reached skill level 1 in Translocations
  9983 | D:8      | Reached skill level 10 in Dodging
 10045 | D:8      | Reached ***** piety under Lugonu
 10496 | D:8      | Reached skill level 5 in Spellcasting
 10742 | D:8      | Noticed a polar bear
 10753 | D:8      | Reached XP level 10. HP: 42/56 MP: 20/20
 10997 | D:8      | Reached skill level 10 in Conjurations
 11351 | D:8      | Found a staircase to the Lair.
 11494 | D:8      | Reached skill level 5 in Invocations
 12034 | D:7      | Noticed a rust devil
 12034 | D:7      | Noticed a rust devil
 12039 | D:7      | Killed a rust devil
 12041 | D:7      | Killed a rust devil
 12650 | D:8      | Upgraded the game from 0.20-a0-1086-g4bd2f5b to 0.20-a0-1089-g3fde505
 12665 | D:8      | Noticed a two-headed ogre
 12682 | D:8      | Killed a two-headed ogre
 12758 | D:8      | Reached skill level 5 in Fighting
 13004 | D:9      | Reached XP level 11. HP: 63/63 MP: 22/22
 13155 | D:9      | Reached skill level 11 in Dodging
 13818 | D:9      | Found a burning altar of Makhleb.
 13826 | D:9      | Found Gitorof's Antique Weapon Emporium.
 13974 | D:9      | Found a shattered altar of Ashenzari.
 13974 | D:9      | Found a faded altar of an unknown god.
 13979 | D:9      | Found a blossoming altar of Fedhas.
 13981 | D:9      | Found a hazy altar of Hepliaklqana.
 13983 | D:9      | Found a faded altar of an unknown god.
 14317 | D:10     | Entered Level 10 of the Dungeon
 14957 | D:10     | Noticed a two-headed ogre
 14969 | D:10     | Killed a two-headed ogre
 15330 | D:11     | Noticed a two-headed ogre
 15391 | D:11     | Noticed a catoblepas
 15406 | D:11     | Noticed a two-headed ogre
 15531 | D:10     | Killed a catoblepas
 15758 | D:11     | Reached ****** piety under Lugonu
 15910 | D:11     | Noticed a two-headed ogre
 15920 | D:11     | Killed a two-headed ogre
 15930 | D:11     | Learned a level 5 spell: Yara's Violent Unravelling
 16048 | D:11     | Killed a two-headed ogre
 16048 | D:11     | Reached skill level 1 in Transmutations
 16183 | D:11     | Noticed a catoblepas
 16226 | D:11     | Killed a catoblepas
 16306 | D:11     | Found a portal to a secret trove of treasure.
 16424 | D:11     | Killed a two-headed ogre
 16783 | D:11     | Reached XP level 12. HP: 70/70 MP: 23/23
 17568 | D:11     | Learned a level 4 spell: Control Undead
 17680 | D:12     | Reached skill level 1 in Necromancy
 18054 | D:12     | Noticed a centaur warrior
 18066 | D:12     | Killed a centaur warrior
 18074 | D:12     | Got an uncursed crystal rapier {flame}
 18075 | D:12     | Identified the +3 rapier "Qiremymm" {flame, Dex+3} (You found it on level 12 of the Dungeon)
 18158 | D:12     | Noticed Josephine
 18174 | D:12     | Killed Josephine
 18306 | D:11     | Reached skill level 5 in Necromancy
 19577 | D:12     | Noticed Frances
 19582 | D:12     | Noticed Nessos
 19945 | D:8      | Noticed Pikel
 19956 | D:8      | Killed Pikel
 20042 | Lair:1   | Entered Level 1 of the Lair of Beasts
 20222 | Lair:1   | Reached skill level 12 in Dodging
 20327 | Lair:1   | Found a labyrinth entrance.
 20334 | Lab      | Entered a labyrinth
 20717 | Lab      | Noticed a minotaur
 20728 | Lab      | Killed a minotaur
 20733 | Lab      | Got a scorched lapis lazuli ring
 20738 | Lab      | Identified the Reference Book on Creation
 20738 | Lab      | Identified Sif Muna's Handbook of Dusty Calling
 20742 | Lab      | Identified the ring of Arrival {rF+++ rC++ MR+ Str-3 Stlth+} (You took it off a minotaur in a labyrinth)
 21333 | Lair:1   | Learned a level 3 spell: Regeneration
 21784 | Lair:2   | Reached skill level 1 in Charms
 21987 | Lair:2   | Found a staircase to the Snake Pit.
 22072 | Lair:2   | Reached XP level 13. HP: 76/76 MP: 28/28
 23402 | Lair:2   | Got a pair of steaming boots
 23414 | Lair:2   | Identified the +1 pair of boots of the Furies {rF- Str+6 Dex+2} (You found it on level 2 of the Lair of Beasts)
 23988 | Lair:2   | Reached skill level 13 in Dodging
 24088 | Lair:2   | Reached skill level 5 in Charms
 24298 | Lair:2   | Reached skill level 10 in Spellcasting
 25028 | Lair:3   | Found a frozen archway.
 25145 | IceCv    | Entered an ice cave
 25304 | IceCv    | Noticed gabygaby's ghost (journeyman GrEE)
 25335 | IceCv    | Killed gabygaby's ghost
 26107 | IceCv    | Got a pair of distressingly furry gloves
 26118 | IceCv    | Identified the cursed -1 pair of gloves of Hedge Wizardry {SInv Stlth+} (You found it in an ice cave)
 27394 | Lair:3   | Learned a level 6 spell: Deflect Missiles
 27517 | Lair:3   | Reached skill level 1 in Air Magic
 27675 | Lair:3   | Reached XP level 14. HP: 84/84 MP: 4/30
 28350 | Lair:4   | Found a staircase to the Shoals.
 28885 | Lair:4   | Reached skill level 5 in Stealth
 30036 | Lair:5   | Found a staircase to the Slime Pits.
 30036 | Lair:5   | Found a viscous altar of Jiyva.
 31026 | Lair:6   | Entered Level 6 of the Lair of Beasts
 31289 | Lair:6   | Reached skill level 5 in Air Magic
 31412 | Lair:6   | Reached skill level 14 in Dodging
 33635 | Lair:6   | Found a burning altar of Makhleb.
 34177 | Lair:6   | Found a gateway to Hell.
 34188 | Lair:6   | Got a warped scarf
 34200 | Lair:6   | Identified the scarf "Yvexuw" {rC+ Int+4} (You found it on level 6 of the Lair of Beasts)
 34445 | Lair:6   | Reached XP level 15. HP: 90/90 MP: 33/33
 35056 | D:12     | Killed Frances
 35326 | D:12     | Killed Nessos
 35676 | D:12     | Found a staircase to the Orcish Mines.
 35944 | D:13     | Reached skill level 10 in Hexes
 36085 | D:13     | Found Jahaozuh's General Store.
 36088 | D:13     | Bought a book of Power for 720 gold pieces
 38081 | D:14     | Found a gate to the Vaults.
 38461 | D:15     | Entered Level 15 of the Dungeon
 39183 | D:15     | Learned a level 7 spell: Orb of Destruction
 39368 | D:15     | Found Ugaptinu's Food Shoppe.
 39787 | D:15     | Found a shadowy altar of Dithmenos.
 39847 | D:15     | Found a staircase to the Depths.
 40145 | Orc:1    | Entered Level 1 of the Orcish Mines
 40490 | Orc:1    | Found a runed door.
 40761 | Orc:1    | Found a roughly hewn altar of Beogh.
 40825 | Orc:2    | Entered Level 2 of the Orcish Mines
 40954 | Orc:2    | Found a roughly hewn altar of Beogh.
 42182 | Orc:2    | Found a staircase to the Elven Halls.
 42790 | Orc:2    | Reached skill level 15 in Conjurations
 42849 | Orc:2    | Found Plog's Gadget Emporium.
 42849 | Orc:2    | Found Xoanoj's Assorted Antiques.
 42853 | Orc:2    | Found Icevaroa's Weapon Boutique.
 42853 | Orc:2    | Found Haguaqif's Antique Armour Emporium.
 43332 | Snake:1  | Entered Level 1 of the Snake Pit
 43441 | Snake:1  | Reached XP level 16. HP: 96/96 MP: 36/36
 43756 | Snake:1  | Reached skill level 15 in Spellcasting
 45088 | Snake:1  | Found a glowing golden altar of the Shining One.
 46266 | Snake:2  | Identified 2 scrolls of acquirement
 46286 | Snake:2  | Got a bound ruby amulet
 46288 | Snake:2  | Identified the amulet "Weititia" {RegenMP Str+7} (You acquired it on level 2 of the Snake Pit)
 46840 | Snake:3  | Reached skill level 15 in Dodging
 47408 | Snake:4  | Entered Level 4 of the Snake Pit
 47863 | Snake:4  | Found Qiasik's Gadget Shoppe.
 47894 | Snake:4  | Reached skill level 10 in Fighting
 47946 | Snake:4  | Found Raer's Weapon Emporium.
 47946 | Snake:4  | Found Ximewn's Distillery.
 47949 | Snake:4  | Found Juojoy's Book Emporium.
 48082 | Snake:4  | Reached XP level 17. HP: 87/102 MP: 39/39
 48749 | Snake:4  | Noticed Agnes
 48749 | Snake:4  | Reached skill level 10 in Invocations
 48756 | Snake:4  | Killed Agnes
 48830 | Snake:4  | Reached skill level 1 in Staves
 48922 | Snake:4  | Got a serpentine rune of Zot
 49439 | Shoals:1 | Entered Level 1 of the Shoals
 49452 | Shoals:1 | Found Hahuem's Gadget Shoppe.
 49483 | Shoals:1 | Noticed Aizul
 49493 | Lair:4   | Killed Aizul
 49496 | Lair:4   | Reached skill level 5 in Staves
 50452 | Shoals:2 | Found Diofyxuts's Assorted Antiques.
 51018 | Shoals:2 | Noticed a kraken
 51026 | Shoals:2 | Killed a kraken
 51232 | Shoals:3 | Noticed Louise
 51305 | Shoals:3 | Killed Louise
 51530 | Shoals:3 | Noticed Donald
 51538 | Shoals:3 | Killed Donald
 51980 | Shoals:4 | Entered Level 4 of the Shoals
 51984 | Shoals:4 | Reached XP level 18. HP: 108/108 MP: 41/41
 52077 | Shoals:4 | Reached skill level 10 in Staves
 52092 | Shoals:4 | Noticed braks's ghost (adept DrNe)
 52097 | Shoals:4 | Killed braks's ghost
 53272 | Shoals:4 | Identified the Incunabulum of Helpful Transformation
 53313 | Shoals:4 | Noticed Ilsuiw
 53459 | Shoals:4 | Killed Ilsuiw
 54002 | Shoals:4 | Got a barnacled rune of Zot
 54392 | Vaults:1 | Entered Level 1 of the Vaults
 55146 | Vaults:1 | Found Mugaso's Antique Weapon Shoppe.
 55593 | Vaults:1 | Reached XP level 19. HP: 108/113 MP: 32/42
 55699 | Vaults:1 | Reached skill level 16 in Dodging
 55976 | Vaults:1 | Got a transparent copper amulet
 55979 | Vaults:1 | Identified the amulet "Towkikhle" {Spirit MR+ MP+9 Int+4} (You took it off a purple draconian on level 1 of the Vaults)
 57726 | Vaults:2 | Reached skill level 17 in Dodging
 58493 | Vaults:2 | Found Pitso's Antique Armour Boutique.
 58502 | Vaults:2 | Bought the +4 robe of Augmentation {Str+4 Int+4 Dex+4} for 1745 gold pieces
 58604 | Vaults:2 | Upgraded the game from 0.20-a0-1089-g3fde505 to 0.20-a0-1101-g1de9d76
 59221 | Vaults:3 | Found a staircase to the Crypt.
 59247 | Vaults:3 | Found a magical portal.
 59340 | Vaults:3 | Noticed Bai Suzhen
 59388 | Vaults:3 | Killed Bai Suzhen
 59553 | Vaults:3 | Reached XP level 20. HP: 121/121 MP: 43/43
 59745 | Vaults:3 | Noticed Sojobo
 60043 | Vaults:3 | Found Ufirchy's Magic Scroll Shop.
 60399 | Vaults:3 | Reached skill level 18 in Dodging
 60535 | Vaults:3 | Killed Sojobo
 62563 | Vaults:4 | Reached skill level 19 in Dodging
 62899 | Vaults:5 | Entered Level 5 of the Vaults
 63004 | Vaults:4 | Reached XP level 21. HP: 129/129 MP: 44/44
 63434 | Depths:1 | Entered Level 1 of the Depths
 64042 | Depths:1 | Noticed Saint Roka
 64216 | Depths:1 | HP: 5/129 [spark wasp (13)]
 64216 | Depths:1 | Annihilated by a spark wasp

Vault maps used:
D:1:      elethiomel_arrival_shortcut, solitary_fountain,
          hangedman_decor_riveting
D:2:      nicolae_overflow_hidden_temple, chequers_ecumenical_altar_simple,
          uniq_robin
D:3:      old_standard_altar
D:4:      overflow_temple_1_default, first_bread, serial_shops, shop,
          tgw_kikubaaqudgha
D:5:      serial_shops, shop, shop, shop, nicolae_shop_stone, basic_altar,
          tso_altar
D:6:      eat_drink_and_be_merry_uskayaw, temple_statues, fedhas_altar_4,
          uniq_eustachio, uniq_grinder
D:7:      cheibrodos_iron_armory, kb_xom_exploding_sheep
D:8:      kennysheep_spiral_hall, erik_lair_island, serial_ice, serial_ice_m,
          serial_ice_h, serial_ice_b, serial_ice_k, serial_ice_n, serial_ice_f,
          serial_ice_g, serial_ice_a, serial_ice_d, serial_ice_o, uniq_pikel
D:9:      chequers_temple_overflow_minitemple, basic_altar, serial_shops,
          nicolae_shop_overgrown_old_shop
D:11:     nicolae_trove_entry_path_of_doom
D:12:     minmay_tri_box, uniq_nessos, uniq_frances, uniq_josephine
D:13:     serial_shops, kennysheep_mini
D:14:     erik_vaults_1, minmay_misc_feat_rugged, hangedman_little_slice_of_home
D:15:     hangedman_depths_entry_civil_slaughter, serial_shops, shop,
          nicolae_dithmenos_the_darkroom
Lair:1:   lab_entry_generic
Lair:2:   regret_index_combs_of_tragedy, guppyfry_snake_entry_garden
Lair:3:   portal_ice_cave_entry_ice_beasts, roderic_batcave
Lair:4:   minmay_shoals_entry_beasts, grunt_megastairs_3,
          infiniplex_staircase_pool_2
Lair:5:   slime_altar_1
Lair:6:   evil_forest, serial_bayou_shore_b, grunt_megastairs_4,
          serial_bayou_shore_a
Shoals:1: serial_shops, shop, uniq_aizul
Shoals:2: serial_shops, shop
Shoals:3: uniq_donald, uniq_louise
Shoals:4: shoals_end_hangedman, shoals_ilsuiw_ice
Snake:1:  cheibrodos_snake_ritualist_ritual, basic_altar, serial_bayou_pond_d
Snake:2:  grunt_ministairs_11, grunt_megastairs_2, basic_stair_grate_trap
Snake:3:  nicolae_snake_linked_coils
Snake:4:  minmay_snake_end_coiled, minmay_shoptagon, lemuel_fruit_tree,
          uniq_agnes
Orc:1:    lightli_church_of_beogh
Orc:2:    grunt_orc_tribal_feast, mines2_david
Vaults:1: st_greater_box_4, vaults_mumra_hexcomb, grunt_vaults_hallway_short,
          grunt_vaults_swirl, nicolae_vaults_little_squares_6,
          vaults_room_grunt_arrival_checkpoint,
          hangedman_vaults_stretched_pinwheel, v_pattern_5, vaults_dpeg_cross,
          nicolae_vaults_border_crossing, v_misc_19, vaults_room_grid,
          serial_shops, shop
Vaults:2: hangedman_vaults_river_flow, nicolae_vaults_angled_halls,
          nicolae_vaults_network_barrier, hangedman_vaults_stream,
          nicolae_vaults_windows_and_doors_thing, ontoclasm_vaults_eye,
          nicolae_vaults_little_squares_5, hangedman_vaults_nails,
          nicolae_vaults_specimen_jars, vaults_room_hallway,
          nicolae_vaults_rhombus_7, serial_shops,
          nicolae_shop_overgrown_old_shop
Vaults:3: vaults_room_stairs_pillars, minmay_crypt_entry_simple_statues,
          v_pattern_2, hangedman_vaults_stretched_pinwheel,
          hangedman_vaults_variations, nicolae_vaults_what_the_h,
          ontoclasm_vaults_misaligned, v_rooms_6,
          nicolae_vaults_little_squares_4, hangedman_vaults_cutoff,
          ontoclasm_vaults_bender, nicolae_vaults_murderbox,
          vaults_room_corners, serial_shops, shop_fountains,
          infiniplex_enter_wizlab_glasses, uniq_sojobo, uniq_bai_suzhen
Vaults:4: v_pattern_1, vaults_room_door_hall, nicolae_vaults_little_ls,
          v_misc_9, v_misc_32, vaults_room_boxed, v_misc_3,
          ontoclasm_vaults_shuriken, nicolae_vaults_little_squares_4,
          nicolae_vaults_c_with_doors, vaults_room_semicircle
Depths:1: pf_hell_entry_tar_spiral, rand_demon_pan_entry_9, kennysheep_path_1,
          nooodl_orcs_dogs, uniq_nikola, uniq_saint_roka
Lab:      labyrinth_watery
IceCv:    ice_cave_tombish

Skill      XL: |  1  2  3  4  5  6  7  8  9 10 11 12 13 14 15 16 17 18 19 20 21 |
---------------+----------------------------------------------------------------+-----
Conjurations   | 5 6 8 9 10 11 12 15 17 18 | 18.4
Hexes          | 1 3 4 5 8 10 | 10.0
Dodging        | 3 5 7 9 10 11 12 13 14 15 17 19 | 19.0
Fighting       | 1 3 4 5 6 7 8 9 10 11 13 | 13.0
Invocations    | 4 8 9 10 11 13 | 13.3
Translocations | 3 4 |  4.0
Spellcasting   | 5 6 9 10 12 14 16 17 | 17.3
Transmutations | 3 4 |  4.0
Necromancy     | 6 |  6.8
Charms         | 1 8 |  8.0
Stealth        | 3 7 |  7.2
Air Magic      | 1 6 |  6.4
Staves         | 9 14 | 14.9

Action                   |  1- 3 |  4- 6 |  7- 9 | 10-12 | 13-15 | 16-18 | 19-21 || total
-------------------------+-------+-------+-------+-------+-------+-------+-------++-------
Melee: Dagger            |       |       |    34 |    20 |       |       |       ||    54
       Staff             |       |       |       |       |    49 |     3 |       ||    52
       Lajatang          |       |       |       |       |       |     7 |   519 ||   526
Throw: Stone             |       |       |     6 |       |     1 |       |       ||     7
 Cast: Magic Dart        |    75 |    92 |   236 |   539 |  1205 |   534 |    38 ||  2719
       Searing Ray       |     2 |     6 |    22 |    22 |    17 |     4 |     1 ||    74
       Dazzling Spray    |     1 |     5 |    39 |    56 |    23 |     2 |     1 ||   127
       Fulminant Prism   |       |     7 |    29 |   102 |   168 |    56 |    83 ||   445
       Force Lance       |       |       |       |   101 |   429 |   204 |   103 ||   837
       Yara's Violent Un |       |       |       |     5 |    11 |     7 |     8 ||    31
       Regeneration      |       |       |       |       |     1 |     7 |    32 ||    40
       Deflect Missiles  |       |       |       |       |     2 |     6 |     6 ||    14
       Orb of Destructio |       |       |       |       |     6 |   310 |   213 ||   529
Evoke: Wand              |       |       |       |    15 |    10 |       |     1 ||    26
       Phial of floods   |       |       |       |       |     1 |       |     1 ||     2
       Sack of spiders   |       |       |       |       |       |       |     3 ||     3
  Use: Scroll            |     5 |     1 |     3 |     9 |    15 |    13 |     8 ||    54
       Potion            |       |       |       |     4 |     3 |       |       ||     7
 Stab: Sleeping          |       |       |       |       |       |       |     9 ||     9
       Distracted        |       |       |       |       |       |       |     1 ||     1
  Eat: Chunk             |     2 |    10 |    15 |    33 |    62 |    59 |    40 ||   221
       Royal jelly       |       |       |     3 |       |       |     7 |       ||    10
       Meat ration       |       |       |     1 |     3 |     1 |       |       ||     5
Armor: Robe              |       |     3 |    16 |    24 |   111 |    21 |    63 ||   238
       Skin              |       |       |       |     4 |       |       |       ||     4
Dodge: Dodged            |     4 |    12 |   150 |   211 |   623 |   315 |   671 ||  1986
       Deflected         |       |       |       |       |    26 |    81 |    71 ||   178
Block: Other             |       |     1 |    21 |    25 |    74 |    12 |       ||   133
       Reflection        |       |       |       |     4 |     8 |     5 |       ||    17
